Unix NetHack Version 5.0.0-0 post-release - last build Jun 10 2026 00:39:30 (3ee93aec679c4c4259841fe613dc97188e26a321,branch:main).

Game began 2026-05-29 21:50:31, ended 2026-06-11 16:50:39.

Ch3Begorrah, chaotic male human Rogue

 }}}}}}}}}}}}}}}}}}}}}}}}}}}}}}}.^^.}}}}}}}}}}}}}}}}}}}}}}}}}}}}}}}}}}}}
 }..............}............[.}.......%*..*^.}.........} .............}
 }.............E}..............}..............}.........}..............}
 }..............}..............}..............}.........}..............}
 }..............}..............}..............}.........}..............}
 }....}}}}}}}}}}}....}....}}}}}}....}}}}}}}}}}}....}....}...$}}}}}}....}
 }.._...........}....}.........}....}..............}....}....}.........}
 }..<.[.........}....}.........}....}..............}....}....}$........}
 }.....0........}....}...$.....}....}.........^....}....}....}......%..}
 }..(...........}.>..}........^}....}.....(........}....}....}.........}
 }...%}}}}}}....}....}}}}}}....}....}}}}}}%...}}}}}}..^.}}}}}}....}....}
 }.........}.......*......}........%....0.....}...................}....}
 }.........}..............}.*...(...%%..%)....}...................}....}
 }........%}.......*......}.........%)............................}.%..}
 }......*..}......y.......}.........%.........}...................}....}
 }}}}}}}}}}}}}}}}}}}}}}}}}}}}}}}}}}}}}}}}}}}}}}}}}}}}}}}}}}}}}}}}}}}}}}}

Ch3Begorrah the Robber  St:25 Dx:18 Co:18 In:22 Wi:22 Ch:13  Chaotic
Dlvl:42 $:0  HP:0(238) Pw:60(60) AC:-27 Xp:17 T:65546  Blind Conf

Latest messages:
 The blast of fire whizzes by you!
 The blast of fire hits the xan!
 The guardian naga bites!
 The guardian naga touches you!
 The guardian naga brushes against you.
 The elf-lord swings his elven broadsword.
 The elf-lord misses!
 The elf-lord swings his elven broadsword.
 The elf-lord misses!
 The iron golem swings his two-handed sword.
 The iron golem hits!
 The xan scratches your left boot!
 The xan scratches your left boot!
 The fire elemental just misses!
 The displacer beast moves the elf-lord out of its way!
 The guardian naga misses!
 The guardian naga misses!
 The xan scratches your right boot!
 The guardian naga bites!
 The guardian naga touches you!
 The guardian naga brushes against you.
 You can move again.
 You hit the iron golem!
 You hit the iron golem!
 The xan scratches your right boot!
 The fire elemental misses!
 The displacer beast misses!
 The displacer beast misses!
 The displacer beast just misses!
 The umber hulk just misses!
 The umber hulk misses!
 The umber hulk bites!
 The umber hulk's gaze confuses you!
 The guardian naga bites!
 The guardian naga touches you!
 The guardian naga coils itself around you!
 The elf-lord zaps a wand of lightning!
 The bolt of lightning misses the xan.
 The bolt of lightning whizzes by you!
 You are blinded by the flash!
 The bolt of lightning hits it!
 It hits!
 What do you want to read? [o or ?*] ?
 As you pronounce the formula on it, the scroll disappears.
 Being confused, you mispronounce the magic words...
 To what level do you want to teleport? 42
 You materialize on a different level!
 You fall into the molten lava!
 You burn to a crisp...
 Do you want your possessions identified? [ynq] (y) q

Inventory:
 Amulets  ('"')
  s - an uncursed amulet of ESP
  b - an uncursed amulet of magical breathing
  h - an uncursed amulet of reflection named reflect (being worn)
 Weapons  (')')
  Z - 8 blessed rustproof +5 daggers (at the ready)
  E - the blessed rustproof +5 Excalibur (wielded in right hand)
  y - a blessed +4 silver saber named Primo (wielded in left hand)
 Armor    ('[')
  G - a cursed greased tempered +4 helm of brilliance (being worn)
  N - a blessed rustproof +4 pair of gauntlets of power (being worn)
  B - a blessed fireproof +4 pair of speed boots (being worn)
  O - a blessed +0 shield of reflection
  p - a blessed fireproof +3 robe named FP (being worn)
  I - a blessed +4 gray dragon scale mail (being worn)
 Rings    ('=')
  R - an uncursed ring of conflict
  d - an uncursed ring of fire resistance
  V - an uncursed +2 ring of increase damage (on right hand)
  L - an uncursed ring of levitation
  a - an uncursed ring of shock resistance
  j - an uncursed ring of slow digestion (on left hand)
  C - an uncursed ring of stealth named ok
  x - an uncursed ring of teleportation
 Wands    ('/')
  X - a wand of cold (0:3)
  K - a wand of death (0:0)
  i - a wand of digging (0:1)
  r - a wand of fire (0:1)
  l - a wand of lightning (0:3)
  t - a cursed wand of slow monster (0:6)
  w - a wand of stasis (0:4)
  m - a wand of striking (0:0)
  k - a wand of teleportation (0:7)
  A - a cursed wand of undead turning (0:6)
 Tools    ('(')
  c - the cursed Bell of Opening (0:3)
  W - a can of grease (0:16)
  e - an uncursed lock pick named F-G-D-D_g#
  v - an uncursed magic lamp (lit)
  M - the blessed Master Key of Thievery
  u - a +0 pick-axe named ok
  S - an uncursed stethoscope
  U - a blessed +0 unicorn horn
 Gems/Stones  ('*')
  T - an uncursed luckstone named gray1

Ch3Begorrah the Rogue's attributes:

Background:
 You were a Robber, a level 17 male human Rogue.
 You were chaotic, nominally on a mission for Kos
 who was opposed by Issek (lawful) and Mog (neutral).
 You were right-handed.
 You were in Gehennom, on level 42.
 You entered the dungeon 65546 turns ago.
 You had 873433 experience points, 406567 more were needed to attain level 18.

Basics:
 You had 0 out of 238 hit points.
 You had all 60 energy points (spell power).
 Your armor class was -23.
 Your wallet was empty.
 Autopickup was on for '!/(', with exceptions.

Final Characteristics:
 Your strength was 25 (base:13, innate limit:18/100).
 Your dexterity was 18 (limit:18).
 Your constitution was 18 (limit:18).
 Your intelligence was 22 (base:18, innate limit:18).
 Your wisdom was 22 (base:18, innate limit:18).
 Your charisma was 13 (limit:18).

Final Status:
 You were confused.
 You were temporarily blind.
 You weren't hungry.
 You were unencumbered.
 You were wielding two weapons at once.
 You were skilled in long sword and two weapons.
 Your two weapon skill was limited by being basic with saber.
 You could have enhanced skill with saber.

Final Attributes:
 You were piously aligned.
 You were magic-protected.
 You were cold resistant.
 You were sleep resistant.
 You were shock resistant.
 You were poison resistant.
 You were level-drain resistant.
 You were warned.
 You had automatic searching.
 You were stealthy.
 You had teleport control.
 You had slower digestion.
 You had a small damage bonus (+2).
 You were guarded.
 You took half physical damage.
 Your spell casting was enhanced by wearing a robe.
 You were very fast.
 You had reflection.
 You were extremely lucky.
 You had extra luck.
 Bad luck did not time out for you.
 Good luck did not time out for you.
 You are dead.

Miscellaneous:
 You encountered 2 bones levels.
 Total elapsed playing time was 1 day, 11 hours, 14 minutes and 8 seconds.

Major events:
 Turn
    1: Ch3Begorrah the chaotic male human Rogue entered the dungeon
 1305: attained the rank of Cutpurse (level 3)
 1354: entered the Gnomish Mines
 3279: attained the rank of Rogue (level 6)
 5401: entered Sokoban
 5850: completed 1st Sokoban level
 6655: completed 2nd Sokoban level
 7312: completed 3rd Sokoban level
 8327: completed 4th Sokoban level
 8952: acquired the Sokoban amulet of reflection
 9286: attained the rank of Pilferer (level 10)
16672: reached Mine Town
19148: acquired the Mines' End luckstone
26808: found Orcrist on the floor
31775: killed Medusa
34475: entered Home 1, the Quest
35049: attained the rank of Robber (level 14)
35134: the Master of Thieves has granted access to proceed deeper into the quest
35255: entered Home 2, the Quest
35601: entered Home 3, the Quest
36088: entered Home 4, the Quest
36475: entered Home 5, the Quest
36897: found the Master Key of Thievery on the floor
36903: killed the Master Assassin
36905: acquired the Bell of Opening
39796: read a Discworld novel
44746: entered Gehennom
45928: was given Excalibur by the Lady of the Lake
49454: killed Asmodeus
50465: killed Juiblex
53199: killed Baalzebub
54113: killed Orcus
54897: killed Croesus
65546: burned by molten lava

Spells:
 Name                 Level Category     Fail Retention
 healing                1   healing        0%    (gone)
 detect unseen          3   divination     0%    (gone)
 protection             1   clerical       0%    (gone)
 haste self             3   escape        45%    (gone)
 slow monster           2   enchantment    0%    (gone)
 wizard lock            2   matter         0%    (gone)
 polymorph              6   matter       100%    (gone)
 remove curse           3   clerical      45%    (gone)
 chain lightning        2   attack         0%    (gone)
 charm monster          5   enchantment   88%    (gone)
 create monster         2   clerical       0%    (gone)
 drain life             2   attack         0%    (gone)
 extra healing          3   healing       45%    (gone)
 fireball               4   attack        70%    (gone)
 force bolt             1   attack         0%    (gone)
 identify               3   divination     0%   76%-80%
 stone to flesh         3   healing       45%    1%-25%
 magic missile          2   attack         0%    1%-25%
 knock                  1   matter         0%    1%-25%
 restore ability        4   healing       70%    1%-25%
 sleep                  3   enchantment   45%    1%-25%
 detect monsters        1   divination     0%    6%-10%
 detect food            2   divination     0%   11%-15%
 levitation             4   escape        70%    1%-25%
 jumping                1   escape         0%   51%-75%
 light                  1   divination     0%   66%-70%
 cure blindness         2   healing        0%   51%-75%
 cause fear             3   enchantment   45%   51%-75%
 teleport away          6   escape       100%   51%-75%
 clairvoyance           3   divination     0%   66%-70%

Skills:
 Fighting Skills
   bare handed combat [Unskilled]
   two weapon combat  [Skilled]
   riding             [Unskilled]
 Weapon Skills
   dagger             [Expert]
   knife              [Unskilled]
   short sword        [Basic]
   broadsword         [Unskilled]
   long sword         [Skilled]
   two-handed sword   [Unskilled]
   saber              [Basic]
   club               [Unskilled]
   mace               [Unskilled]
   morning star       [Unskilled]
   flail              [Unskilled]
   hammer             [Unskilled]
   polearms           [Unskilled]
   spear              [Unskilled]
   crossbow           [Unskilled]
   dart               [Unskilled]
   shuriken           [Unskilled]
 Spellcasting Skills
   divination spells  [Skilled]
   escape spells      [Unskilled]
   matter spells      [Unskilled]

Voluntary challenges:
 Character rerolling was not enabled.
 You followed a strict vegan diet.
 You were an atheist.
 You never genocided any monsters.
 You never polymorphed an object.
 You never changed form.
 You used no wishes.
 You did not violate any of the special Sokoban rules.
Achievements:
 You entered a shop.
 You attained the rank of Cutpurse.
 You entered the Gnomish Mines.
 You attained the rank of Rogue.
 You entered Sokoban.
 You completed Sokoban.
 You attained the rank of Pilferer.
 You entered a temple.
 You entered Minetown.
 You completed the Gnomish Mines.
 You defeated Medusa.
 You attained the rank of Robber.
 You had the Bell of Opening.
 You read from a Discworld novel.
 You entered Gehennom.

 The Dungeons of Doom: levels 1 to 28
    Level 1:
    Level 2:
       A general store.
       Stairs down to The Gnomish Mines.
    Level 3:
       An armor shop.
    Level 4:
       A scroll shop.
    Level 5:
    Level 6:
       An altar.
       Final resting place for
          h2g2-Ran-Elf-Fem-Cha, killed by a giant ant.
    Level 7:
       Some altars.
    Level 8:
       Some fountains.
       Oracle of Delphi.
    Level 9:
       A fountain, a sink.
       Stairs up to Sokoban, level 8.
    Level 10:
       A temple and an altar.
    Level 11: "2sb chest"
    Level 12: "1sb chest"
       A fountain.
    Level 13: "Grappling hook"
       A fountain.
    Level 14: "plaid SB, thick, healing, bolt"
       A sink.
    Level 15:
       A primitive area.
       Portal to The Quest.
    Level 16:
       Some fountains.
    Level 17: "w balck unciorn"
       A fountain.
       Portal to Fort Ludios.
    Level 18: "FOOD"
    Level 19: "Lev tel"
       A fountain.
    Level 20: "Orchist"
       Final resting place for
          FutureTim-Val-Hum-Fem-Law, killed by an ogre king.
    Level 21: "Stehoscope"
    Level 22: "Ants abov"
       A food shop, a sink.
    Level 23:
       A fountain.
    Level 24:
       A grave.
    Level 25:
       A fountain, many trees.
    Level 26:
    Level 27:
    Level 28:
       A fountain.
       The castle.
       Connection to Gehennom.
 Gehennom: levels 29 to 44
    Level 29:
       A temple and an altar, many graves.
       Valley of the Dead.
    Level 30:
    Level 31:
    Level 32:
    Level 33: "RoTC"
    Level 34:
       A fountain.
    Level 35: "RoC"
    Level 36:
    Level 37: "Magic Whist"
    Level 38:
       Some shops, an altar.
    Level 39:
    Level 40:
    Level 41:
    Level 42: <- You were here.
       Final resting place for
          you, burned by molten lava.
    Level 43:
    Level 44:
 The Gnomish Mines: levels 3 to 11
    Level 3:
    Level 4:
    Level 5:
       Many shops, a temple and an altar, a fountain.
    Level 6:
    Level 7:
    Level 8:
    Level 9:
    Level 10:
    Level 11:
 The Quest: levels 1 to 5
    Level 1:
       Completed quest for the Master of Thieves.
    Level 2:
    Level 3:
    Level 4:
    Level 5:
 Sokoban: levels 8 up to 5
    Level 5:
       Solved.
    Level 6:
       Solved.
    Level 7:
       Solved.
    Level 8:
       Solved.
 Fort Ludios:
    Level 1:
       A throne.
       Fort Ludios.


Vanquished creatures:
    Asmodeus
    Baalzebub
    Orcus
  2 erinyes
    Juiblex
  3 arch-liches
    Medusa
    Croesus
  3 iron golems
 10 master liches
  a ki-rin
  2 storm giants
  a titan
  3 glass golems
  3 balrogs
  7 purple worms
  6 gray dragons
  2 gold dragons
  3 silver dragons
  3 red dragons
  5 white dragons
  3 orange dragons
  5 black dragons
  3 blue dragons
  5 green dragons
  4 yellow dragons
 21 minotaurs
  4 jabberwocks
the Master Assassin
 12 baluchitheria
 an Angel
  5 demiliches
  4 master mind flayers
 12 Olog-hai
  2 Nazgul
 10 pit fiends
  2 hell hounds
  2 displacer beasts
  7 titanotheres
  3 trappers
  2 baby red dragons
 32 guardian nagas
  5 genetic engineers
  7 disenchanters
 23 vampire leaders
  5 skeletons
 an aligned cleric
  4 captains
  6 shades
  5 liches
  3 clay golems
  5 nurses
  6 ice devils
  6 nalfeshnees
  7 lurkers above
  7 Aleaxes
  3 ettins
  4 golden nagas
  9 black puddings
 17 vampires
 10 lieutenants
  a watch captain
 32 ghosts
  5 winged gargoyles
  3 mind flayers
 14 giant mimics
  2 long worms
 10 zruties
  6 fire giants
  7 ogre tyrants
  3 ice trolls
  4 rock trolls
 15 umber hulks
  3 flesh golems
  3 elven monarchs
  6 doppelgangers
  7 hezrous
  4 bone devils
 16 large mimics
  4 wumpuses
  4 fire vortices
  9 couatls
 13 stalkers
  5 air elementals
 10 fire elementals
  7 earth elementals
  3 water elementals
  8 giant mummies
  8 black nagas
 13 xorns
 11 giant zombies
 an elf-noble
 28 sergeants
  8 barbed devils
  7 vrocks
  4 salamanders
 12 wargs
 15 hell hound pups
 30 small mimics
  a glass piercer
  4 warhorses
  4 steam vortices
 14 xans
  5 ettin mummies
  3 ogre leaders
 13 quantum mechanics
 31 trolls
  a sasquatch
  6 wood golems
  2 mariliths
  8 sharks
 12 gelatinous cubes
  8 pyrolisks
  2 large dogs
  5 freezing spheres
 11 flaming spheres
 12 shocking spheres
  2 large cats
  7 tigers
  8 gargoyles
  a dwarf ruler
 11 tengu
 11 ochre jellies
 16 leocrottas
  6 energy vortices
  5 mountain centaurs
 16 stone giants
  9 elf mummies
  5 human mummies
  9 red nagas
  3 green slimes
  5 pythons
  5 pit vipers
  4 cobras
 39 wraiths
  6 carnivorous apes
 18 ettin zombies
  7 leather golems
  a Grey-elf
119 soldiers
  4 watchmen
 13 amorous demons
  7 horned devils
 23 chameleons
  6 crocodiles
 15 giant beetles
  8 quivering blobs
 17 cockatrices
 20 wolves
 10 winter wolf cubs
  4 lynxes
  3 panthers
  5 gremlins
  a spotted jelly
 90 leprechauns
  5 orc-captains
  5 iron piercers
  3 mumakil
 17 giant spiders
 10 scorpions
  7 horses
  3 ice vortices
  6 black lights
  9 vampire bats
  8 forest centaurs
  9 gnome rulers
  2 orc mummies
  7 dwarf mummies
 an ogre
 17 brown puddings
 10 rust monsters
  9 owlbears
  7 yetis
  5 gold golems
  5 werewolves
  4 Green-elves
 10 giant eels
 17 lizards
  4 chickatrices
  2 dingoes
  2 dogs
  9 jaguars
  9 dwarf leaders
  9 blue jellies
  9 white unicorns
  5 gray unicorns
  a black unicorn
 10 dust vortices
 43 ravens
  7 plains centaurs
  6 gnome mummies
 11 snakes
  a water moccasin
 15 apes
 13 human zombies
  5 rope golems
  3 Woodland-elves
 42 soldier ants
 68 fire ants
 18 bugbears
 an imp
  8 lemures
  4 quasits
 10 wood nymphs
 32 water nymphs
  8 mountain nymphs
 33 Mordor orcs
 13 Uruk-hai
  7 orc shamans
 13 rock piercers
 13 rock moles
  a woodchuck
  8 ponies
  6 fog clouds
 15 yellow lights
  8 shriekers
  8 violet fungi
 24 gnome leaders
 15 gnomish wizards
  5 kobold mummies
  a black naga hatchling
  a golden naga hatchling
  9 gray oozes
  6 barrow wights
 14 elf zombies
 13 ghouls
  a straw golem
  5 paper golems
  5 jellyfish
 64 giant ants
  a little dog
  7 floating eyes
  3 kittens
 28 dwarves
  a homunculus
  a kobold leader
  6 kobold shamans
 15 hill orcs
 41 rothes
  4 rabid rats
  5 centipedes
  9 giant bats
  7 monkeys
 16 orc zombies
 10 dwarf zombies
  4 wererats
  2 werejackals
  6 iguanas
 19 killer bees
  8 acid blobs
  7 coyotes
  2 gas spores
 11 hobbits
 11 manes
  4 large kobolds
 19 hobgoblins
  7 giant rats
  8 cave spiders
  4 brown molds
  6 yellow molds
  4 green molds
  4 red molds
 73 gnomes
  4 garter snakes
  7 gnome zombies
  9 geckos
 11 jackals
  a fox
  9 goblins
  7 sewer rats
 16 grid bugs
 10 bats
 13 lichens
 17 kobold zombies
 11 newts
2642 creatures vanquished.

Extinct species:
 soldiers (extinct)
 leprechauns (extinct)
2 species extinct.

Game over:
                       ----------
                      /          \
                     /    REST    \
                    /      IN      \
                   /     PEACE      \
                  /                  \
                  |   Ch3Begorrah    |
                  |       0 Au       |
                  | burned by molten |
                  |       lava       |
                  |                  |
                  |                  |
                  |       2026       |
                 *|     *  *  *      | *
        _________)/\\_//(\/(/\)/\//\/|_)_______

Goodbye Ch3Begorrah the Rogue...

You burned in Gehennom on dungeon level 42 with 1348152 points,
and 0 pieces of gold, after 65546 moves.
You were level 17 with a maximum of 238 hit points when you burned.

